 Dungeon Crawl Stone Soup version 0.30.0-5-g1a98f26d00 (webtiles) character file.

Game seed: 16704214480993526120

3065 RascalDebosk the Trooper (level 10, -2/76 HPs)
             Began as a Djinni Conjurer on May 10, 2023.
             Was an Initiate of Gozag.
             Killed by miscasting Iskenderun's Mystic Blast (13 damage)
             ... on level 8 of the Dungeon.
             The game lasted 00:58:58 (7756 turns).

RascalDebosk the Trooper (Djinni Conjurer)          Turns: 7756, Time: 00:58:59

Health: -2/76      AC:  6    Str:  6    XL:     10   Next: 12%
Gold:   244        EV: 14    Int: 24    God:    Gozag SH: 11 Dex: 21

rFire   + + .        j - +6 war axe of Peexket {protect, rCorr}
rCold   x . .        a - +1 kite shield of Filth {rCorr Dex+3 Slay+3}
rNeg    . . .        E - +0 leather armour
rPois   ∞            p - +0 helmet
rElec   .            s - +1 cloak
rCorr   +            (no gloves)
SInv    .            (boots unavailable)
Will    +....        (no amulet)
Stlth   +            f - +6 ring of dexterity
HPRegen 0.32/turn    C - +5 ring of evasion
MPRegen 0.00/turn

%: infuse magic (-3 HP)
@: gold aura, stuck, flying, contaminated, glowing
A: sickness immunity, fire resistance 2, cold vulnerability 1, float, innate
caster, HP casting, extra vitality 1
a: Renounce Religion, Potion Petition, Call Merchant, Bribe Branch


You were on level 8 of the Dungeon.
You worshipped Gozag.
Gozag was aware of your devotion.
You visited 2 branches of the dungeon, and saw 9 of its levels.

You collected 999 gold pieces.
You spent 658 gold pieces at shops.
You paid 97 gold pieces to Gozag.

Inventory:

Hand Weapons
 j - the +6 war axe of Peexket (weapon) {protect, rCorr}
   (You bought it in a shop on level 4 of the Dungeon)

   rCorr:     It protects you from acid and corrosion.
Missiles
 I - a throwing net {@!f}
Armour
 a - the +1 kite shield of Filth (worn) {rCorr Dex+3 Slay+3}
   (You acquired it on level 5 of the Dungeon)

   Dex:       It affects your dexterity (+3).
   Slay:      It affects your accuracy & damage with ranged weapons and melee
   (+3).
   rCorr:     It protects you from acid and corrosion.
 l - an orb of guile
 p - a +0 helmet (worn)
 q - a +0 kite shield of positive energy
 s - a +1 cloak (worn)
 E - a +0 leather armour (worn)
Jewellery
 d - a ring of see invisible
 f - a +6 ring of dexterity (left hand)
 y - a +6 ring of dexterity
 C - a +5 ring of evasion (right hand)
 J - a +4 ring of protection
Wands
 w - a wand of digging (5)
 F - a wand of flame (26)
 G - a wand of mindburst (13)
Scrolls
 e - 3 scrolls of immolation
 g - a scroll of blinking
 r - a scroll of magic mapping
 t - 10 scrolls of teleportation
 z - 2 scrolls of fear
 D - a scroll of poison
Potions
 b - 4 potions of heal wounds
 h - 2 potions of brilliance
 k - a potion of mutation
 m - 7 potions of curing
 n - 2 potions of might
 o - a potion of haste
 u - 3 potions of attraction
 x - a potion of resistance {unknown}
 A - 2 potions of ambrosia
 B - a potion of flight {unknown}
 H - a potion of invisibility {unknown}


   Skills:
 * Level 7.6 Fighting
 - Level 4.0 Armour
 - Level 2.1 Dodging
 - Level 1.5 Stealth
 + Level 4.4 Shields
 * Level 7.1 Spellcasting
 + Level 3.3 Evocations


You knew the following spells:

 Your Spells              Type           Power      Damage    Failure   Level
a - Magic Dart            Conj           100%       1d8       4%          1
b - Searing Ray           Conj           86%        2d7       6%          2
c - Dazzling Flash        Conj/Hex       86%        N/A       12%         3
d - Fulminant Prism       Conj/Hex       21%        3d12      36%         4
e - Iskenderun's Mystic   Conj/Tloc      43%        2d10      36%         4
f - Foxfire               Conj/Fire      100%       2x1d9     4%          1
g - Passwall              Tmut/Erth      35%        N/A       6%          2
h - Poisonous Vapours     Pois/Air       86%        N/A       6%          2
i - Vampiric Draining     Necr           43%        2d9       12%         3
Your spell library was empty.

Dungeon Overview and Level Annotations

Branches:
Dungeon (8/15)             Temple (1/1) D:5
   Lair: D:8-11

Altars:
Ashenzari
Cheibriados
Dithmenos
Elyvilon
Fedhas
Gozag
Hepliaklqana
Makhleb
Nemelex Xobeh
Okawaru
Qazlal
Ru
Trog
Uskayaw
Wu Jian
Xom
Yredelemnul
Zin
The Shining One

Shops:
D:2 [   D:4 (*   D:5 *


Innate Abilities, Weirdness & Mutations

You are immune to sickness and miasma.
You are immune to poison.
Your flesh is very heat resistant. (rF++)
You are vulnerable to cold. (rC-)
You float through the air rather than walking.
You learn spells naturally, not from books.
Your magical power is your life essence.
You have superior vitality. (+4 MHP)


Message History

Aim: a killer bee You can't place the prism on a creature.
Casting: Fulminant Prism (dangerous; 38% risk of failure)
Confirm with . or Enter, or press ? or * to list all spells.
Aiming: Fulminant Prism (dangerous; 38% risk of failure)
Press: ? - help, Dir - move target, p - killer bee You conjure a prism of explosive energy!
The killer bee buzzes angrily.
A fulminant prism comes into view.
The killer bee stings your fulminant prism.
The killer bee stings your fulminant prism!
The killer bee stings your fulminant prism. x2
Your fulminant prism detonates feebly.
You block the killer bee's attack.
Casting: Fulminant Prism (dangerous; 38% risk of failure)
Confirm with . or Enter, or press ? or * to list all spells.
Aiming: Fulminant Prism (dangerous; 38% risk of failure)
Press: ? - help, Dir - move target You conjure a prism of explosive energy!
A fulminant prism comes into view.
The killer bee stings your fulminant prism!
The killer bee completely misses your fulminant prism.
Casting: Fulminant Prism (dangerous; 38% risk of failure)
Confirm with . or Enter, or press ? or * to list all spells.
You erupt in a blast of force!
The mystic blast hits the killer bee.
The killer bee is lightly wounded.
The killer bee is knocked back by the mystic blast.
The mystic blast hits the killer bee!
The killer bee is heavily wounded.
The killer bee is knocked back by the mystic blast.
The killer bee collides with your fulminant prism!
Your fulminant prism is almost destroyed.
The mystic blast hits the killer bee!
The killer bee is severely wounded.
The killer bee is knocked back by the mystic blast.
The killer bee collides with the killer bee!
The killer bee is severely wounded.
The killer bee is almost dead.
The killer bee completely misses your fulminant prism.
You block the killer bee's attack.
The killer bee stings your fulminant prism but does no damage.
You block the killer bee's attack.
Your fulminant prism crackles loudly.
Casting: Iskenderun's Mystic Blast (dangerous; 38% risk of failure)
Confirm with . or Enter, or press ? or * to list all spells.
You miscast Iskenderun's Mystic Blast.
You feel a strange surge of energy!
* * * LOW HITPOINT WARNING * * *
* * * LOW HITPOINT WARNING * * *
The killer bee stings your fulminant prism!
Your fulminant prism explodes!
The blast of energy engulfs the killer bee!
The killer bee is severely wounded.
The killer bee misses you. x2
Casting: Iskenderun's Mystic Blast (dangerous; 38% risk of failure)
Confirm with . or Enter, or press ? or * to list all spells.
You miscast Iskenderun's Mystic Blast.
Nothing appears to happen.
* * * LOW HITPOINT WARNING * * *
You block the killer bee's attack. The killer bee misses you.
Casting: Iskenderun's Mystic Blast (dangerous; 38% risk of failure)
Confirm with . or Enter, or press ? or * to list all spells.
You miscast Iskenderun's Mystic Blast.
You are lightly contaminated with residual magic.
You catch a glimpse of the back of your own head.
You are magically locked in place.
* * * LOW HITPOINT WARNING * * *
The killer bee barely misses you. You block the killer bee's attack.
Casting: Iskenderun's Mystic Blast (dangerous; 38% risk of failure)
Confirm with . or Enter, or press ? or * to list all spells.
You conjure some foxfire!
* * * LOW HITPOINT WARNING * * *
The killer bee barely misses you. You block the killer bee's attack.
Casting: Foxfire (safe; 4% risk of failure)
Confirm with . or Enter, or press ? or * to list all spells.
You miscast Iskenderun's Mystic Blast.
The floor and the ceiling briefly switch places.
You are magically locked in place.
* * * LOW HITPOINT WARNING * * *
You block the killer bee's attack. x2
Casting: Iskenderun's Mystic Blast (dangerous; 38% risk of failure)
Confirm with . or Enter, or press ? or * to list all spells.
You erupt in a blast of force!
The mystic blast hits the killer bee!
You kill the killer bee!
The mystic blast hits the killer bee!
You kill the killer bee!
The mystic blast hits the killer bee!
You kill the killer bee!
* * * LOW HITPOINT WARNING * * *
Casting: Iskenderun's Mystic Blast (dangerous; 36% risk of failure)
Confirm with . or Enter, or press ? or * to list all spells.
You miscast Iskenderun's Mystic Blast.
You are contaminated with residual magic.
Nothing appears to happen.
* * * LOW HITPOINT WARNING * * *
Your foxfire dissipates!
You block the killer bee's attack. x2
Casting: Iskenderun's Mystic Blast (dangerous; 36% risk of failure)
Confirm with . or Enter, or press ? or * to list all spells.
You miscast Iskenderun's Mystic Blast.
Energy rips through your body!
You die...
Your body crumbles into a pile of gold.

.# . .# #......
.###### #......
......# #......
#..##.####......
##.##....#......
########.#.....$
#
#......#....$y##
#
########..####@#
# #.#########..#
##
#...........§#
.#
##....#####§.#
.# #..#### ##.#
## ##.## #..# #
#..# .### # #..#
# ##.##


You could see a killer bee.

Vanquished Creatures
  A steam dragon (D:8)
  A water moccasin (D:7)
  An orc warrior (D:8)
  3 ice beasts
  3 sky beasts
  An ogre (D:3)
  2 black bears
  A centaur (D:5)
  2 phantoms
  2 bullfrogs (D:7)
  3 scorpions
  3 killer bees (D:8)
  6 wights
  A howler monkey (D:8)
  2 hounds (D:6)
  4 orc priests
  2 jellies
  2 sleepcaps (D:6)
  4 iguanas
  6 orc wizards
  11 gnolls
  3 adders
  2 shadow imps
  A white imp (D:8)
  2 ufetubi
  A worm (D:5)
  4 dart slugs
  24 orcs
  11 bats
  5 endoplasms
  4 giant cockroaches
  8 hobgoblins
  6 quokkas
  10 ball pythons
  4 frilled lizards
  6 goblins
  10 kobolds
  6 rats
168 creatures vanquished.

Vanquished Creatures (collateral kills)
  A scorpion (D:5)
1 creature vanquished.

Vanquished Creatures (others)
  3 foxfires
  13 fulminant prisms
16 creatures vanquished.

Grand Total: 185 creatures vanquished

Notes
Turn   | Place    | Note
-------+----------+-------------------------------------------
     0 | D:1      | RascalDebosk the Djinni Conjurer began the quest for the
                  | Orb.
     0 | D:1      | RascalDebosk set off with the following spells memorised:
                  | Magic Dart, Searing Ray, Dazzling Flash, Fulminant Prism,
                  | Iskenderun's Mystic Blast.
     0 | D:1      | Reached XP level 1. HP: 15/15 MP: 0/0
   205 | D:1      | Reached XP level 2. HP: 21/21 MP: 0/0
   488 | D:1      | Found a faded altar of an unknown god.
   503 | D:1      | Found a faded altar of an unknown god.
   693 | D:1      | Reached XP level 3. HP: 24/25 MP: 0/0
   693 | D:1      | Learned a level 1 spell: Foxfire
   878 | D:2      | Found Rynikhlu's Armour Boutique.
  1215 | D:2      | Reached XP level 4. HP: 28/31 MP: 0/0
  1222 | D:2      | Reached skill level 1 in Fighting
  1315 | D:2      | Bought a +0 kite shield of positive energy for 110 gold
                  | pieces
  1800 | D:3      | Reached skill level 1 in Armour
  1815 | D:3      | Reached XP level 5. HP: 14/37 MP: 0/0
  1815 | D:3      | Learned a level 2 spell: Passwall
  1933 | D:3      | Noticed an ogre
  1940 | D:3      | Killed an ogre
  1941 | D:3      | Reached XP level 6. HP: 24/45 MP: 0/0
  2607 | D:4      | Reached XP level 7. HP: 26/50 MP: 0/0
  2607 | D:4      | Learned a level 2 spell: Poisonous Vapours
  2751 | D:4      | Found a bloodstained altar of Trog.
  2936 | D:4      | Reached skill level 5 in Spellcasting
  2996 | D:4      | Found Lommafe's General Store.
  3002 | D:4      | Bought a scroll of identify for 22 gold pieces
  3097 | D:4      | Found Sampazoh's Antique Weapon Emporium.
  3157 | D:5      | Entered Level 5 of the Dungeon
  3350 | D:5      | Found a staircase to the Ecumenical Temple.
  3360 | Temple   | Entered the Ecumenical Temple
  3459 | Temple   | Became a worshipper of Gozag Ym Sagoz the Greedy
  3564 | D:5      | Identified a scroll of acquirement
  3564 | D:5      | Acquired the +1 kite shield of Filth {rCorr Dex+3 Slay+3}
  3595 | D:5      | Reached skill level 1 in Shields
  3914 | D:5      | Reached XP level 8. HP: 53/58 MP: 0/0
  4149 | D:5      | Found a basalt altar of Yredelemnul.
  4149 | D:5      | Found a broken altar of Ashenzari.
  4149 | D:5      | Found a sacrificial altar of Ru.
  4151 | D:5      | Found a sparkling altar of Nemelex Xobeh.
  4273 | D:5      | Found Xyror's Assorted Antiques.
  4379 | D:4      | Bought a buzzing war axe for 187 gold pieces
  4379 | D:4      | Identified the +6 war axe of Peexket {protect, rCorr} (You
                  | bought it in a shop on level 4 of the Dungeon)
  4782 | D:6      | Reached skill level 5 in Fighting
  5348 | D:6      | Reached XP level 9. HP: 63/66 MP: 0/0
  5348 | D:6      | Learned a level 3 spell: Vampiric Draining
  5363 | D:6      | Found a stormy altar of Qazlal.
  5579 | D:7      | Reached skill level 1 in Evocations
  6555 | D:5      | Bought a scroll of identify for 46 gold pieces
  6555 | D:5      | Bought a grey potion for 20 gold pieces
  6555 | D:5      | Bought a potion of curing for 69 gold pieces
  6555 | D:5      | Bought a scroll of teleportation for 69 gold pieces
  6555 | D:5      | Bought a bubbling inky potion for 20 gold pieces
  6555 | D:5      | Bought a potion of heal wounds for 115 gold pieces
  7122 | D:8      | Noticed a komodo dragon
  7122 | D:8      | Noticed a centaur warrior
  7122 | D:8      | Noticed a deep elf pyromancer
  7122 | D:8      | Noticed a centaur warrior
  7132 | D:8      | Noticed a cyclops
  7132 | D:8      | Noticed an efreet
  7143 | D:8      | Noticed a komodo dragon
  7143 | D:8      | Noticed a troll
  7173 | D:8      | Noticed an entropy weaver
  7402 | D:8      | Reached XP level 10. HP: 66/75 MP: 0/0
  7756 | D:8      | Killed by miscasting Iskenderun's Mystic Blast

Illustrated notes

Levels and vault maps discovered:
D:1:      evilmike_arrival_crescent, layout_loops_ring,
          hellmonk_ecumenical_altar_the_god_not_taken
D:2:      layout_basic, serial_shops, shop, minivault_24, minmay_vboxes
D:3:      layout_rooms, minmay_joined_circles
D:4:      layout_rooms, lemuel_doored_altar, serial_shops,
          nicolae_shop_pleasant_corner_grove, shop
D:5:      layout_cave_pods, grunt_temple_overflow_open,
          minmay_temple_entry_junction_2, serial_shops,
          nicolae_shop_hallway_plus, kb_lookout_dungeons_type
D:6:      layout_rooms, gammafunk_temple_overflow_wave, grunt_ministairs_13
D:7:      layout_rooms, kennysheep_nub, minmay_puff
D:8:      layout_cave_pods, serial_co_window_serial, co_window_paths_b,
          co_window_paths_a, co_window_paths_a, co_window_corner_a,
          co_window_of_opportunity_a, co_window_2corner,
          co_window_unsneaky_path_d, co_window_of_opportunity_b,
          co_window_paths_d, glass_columns_c, glass_columns_a, glass_columns_a,
          minivault_12
Temple:   regret_index_temple_waves

Skill      XL: |  1  2  3  4  5  6  7  8  9 |
---------------+----------------------------+-----
Spellcasting   | 4 5 6 7 |  7.1
Fighting       | 1 2 3 4 5 7 |  7.6
Armour         | 1 2 3 4 |  4.0
Shields        | 1 2 4 |  4.4
Evocations     | 3 |  3.3
Dodging        | |  2.1
Stealth        | |  1.5

Action                     |  1- 3 |  4- 6 |  7- 9 | 10-12 || total
---------------------------+-------+-------+-------+-------++-------
  Melee: Unarmed           |       |     1 |       |       ||     1
         War axe           |       |       |    16 |       ||    16
   Cast: Magic Dart        |    82 |    88 |    84 |     7 ||   261
         Searing Ray       |     1 |     6 |    32 |       ||    39
         Foxfire           |     1 |       |       |     1 ||     2
         Iskenderun's Myst |       |     5 |    34 |     5 ||    44
         Fulminant Prism   |       |     1 |     9 |     3 ||    13
         Poisonous Vapours |       |       |     5 |       ||     5
         Vampiric Draining |       |       |     2 |       ||     2
    Use: Scroll            |       |       |    23 |       ||    23
 Armour: Robe              |     5 |     4 |       |       ||     9
         Leather armour    |       |       |    15 |       ||    15
  Dodge: Dodged            |    12 |     8 |    54 |     5 ||    79
  Block: Kite shield       |       |       |     8 |    11 ||    19
